TOP OF THE 1ST |
Notre Dame Fighting Irish batting - Pitching for Kentucky Wildcats : RHP William Lockhard
|
Pitching: RHP William Lockhard
|
|
Batting: SHB Carlos Ramírez
|
0-0: Ball 1-0: Called Strike 1-1: Foul Ball, location: 2F 1-2: Ball 2-2: Foul Ball, location: 2F 2-2: Foul Ball, location: 2F 2-2: Ground out U3 (Groundball, 3S)
|
Batting: SHB Ron Estes
|
0-0: Called Strike 0-1: Ball 1-1: Ball 2-1: Ball 3-1: Base on Balls
|
Batting: SHB Ken Austin
|
0-0: SINGLE (Flyball, 7S) Ron Estes to second
|
Batting: RHB Carlos Gómez
|
0-0: Foul Ball, location: 2F 0-1: Swinging Strike 0-2: Ball 1-2: Ball 2-2: Ball 3-2: Base on Balls Ron Estes to third Ken Austin to second
|
Batting: LHB Lou Goeble
|
0-0: Ball 1-0: Ball 2-0: Ball 3-0: Called Strike 3-1: Foul Ball, location: 2F 3-2: Foul Ball, location: 2F 3-2: Fly out, F8 (Flyball, 8LM)
|
Batting: RHB Lee Scott
|
0-0: Foul Ball, location: 2F 0-1: Foul Ball, location: 2F 0-2: Foul Ball, location: 2F 0-2: Ball 1-2: Ball 2-2: SINGLE (Groundball, 13) (infield hit) Ron Estes scores Ken Austin to third Carlos Gómez to second
|
Batting: RHB Silas Small
|
0-0: Ball 1-0: Ball 2-0: Called Strike 2-1: Ball 3-1: GRAND SLAM HOME RUN (Flyball, 7D), Distance : 370 ft
|
Batting: RHB Isaac Ridings
|
0-0: Ball 1-0: Ground out 4-3 (Groundball, 34)
|
Top of the 1st over - 5 run(s), 3 hit(s), 0 error(s), 0 left on base; Notre Dame 5 - Kentucky 0 |
BOTTOM OF THE 1ST |
Kentucky Wildcats batting - Pitching for Notre Dame Fighting Irish : RHP Jorge Guillén
|
Pitching: RHP Jorge Guillén
|
|
Batting: RHB Julius Farmer
|
0-0: Called Strike 0-1: Called Strike 0-2: Ball 1-2: Foul Ball, location: 2F 1-2: Strikes out looking
|
Batting: LHB César Rodríguez
|
0-0: Swinging Strike 0-1: Ball 1-1: Called Strike 1-2: DOUBLE (Groundball, 3L)
|
Batting: SHB Arnold Moore
|
0-0: SINGLE (Line Drive, 9S) César Rodríguez to third
|
Batting: RHB Bob Zambrano
|
0-0: Ball 1-0: Foul Ball, location: 2F 1-1: Foul Ball, location: 2F 1-2: Strikes out swinging
|
Batting: RHB António Olivares
|
0-0: Fly out, F6 (Line Drive, 6)
|
Bottom of the 1st over - 0 run(s), 2 hit(s), 0 error(s), 2 left on base; Notre Dame 5 - Kentucky 0 |
TOP OF THE 2ND |
Notre Dame Fighting Irish batting - Pitching for Kentucky Wildcats : RHP William Lockhard
|
Batting: RHB Mike Thompson
|
0-0: Ball 1-0: Ball 2-0: Ground out 5-3 (Groundball, 5L)
|
Batting: SHB Carlos Ramírez
|
0-0: Ball 1-0: Foul Ball, location: 2F 1-1: DOUBLE (Line Drive, 9LM)
|
Batting: SHB Ron Estes
|
0-0: Called Strike 0-1: Ball 1-1: Called Strike 1-2: Strikes out swinging
|
Batting: SHB Ken Austin
|
0-0: Fly out, F5 (Popup, 56)
|
Top of the 2nd over - 0 run(s), 1 hit(s), 0 error(s), 1 left on base; Notre Dame 5 - Kentucky 0 |
BOTTOM OF THE 2ND |
Kentucky Wildcats batting - Pitching for Notre Dame Fighting Irish : RHP Jorge Guillén
|
Batting: RHB Joseph Leach
|
0-0: Ball 1-0: Ball 2-0: Foul Ball, location: 2F 2-1: Ball 3-1: Fly out, F3 (Popup, 3SF)
|
Batting: SHB Bryan Long
|
0-0: Called Strike 0-1: SINGLE (Groundball, 56D)
|
Batting: SHB Russ Beasley
|
0-0: Ball 1-0: Grounds into double play, 1-6-3 (Groundball, 15S)
|
Bottom of the 2nd over - 0 run(s), 1 hit(s), 0 error(s), 0 left on base; Notre Dame 5 - Kentucky 0 |
TOP OF THE 3RD |
Notre Dame Fighting Irish batting - Pitching for Kentucky Wildcats : RHP William Lockhard
|
Batting: RHB Carlos Gómez
|
0-0: Called Strike 0-1: Swinging Strike 0-2: Ball 1-2: Foul Ball, location: 2F 1-2: Strikes out swinging
|
Batting: LHB Lou Goeble
|
0-0: SINGLE (Groundball, 4M)
|
Batting: RHB Lee Scott
|
0-0: Called Strike 0-1: Ball 1-1: Foul Ball, location: 2F 1-2: Foul Ball, location: 2F 1-2: Ball 2-2: Foul Ball, location: 2F 2-2: SINGLE (Groundball, 6MD) Lou Goeble to second
|
Batting: RHB Silas Small
|
0-0: Ball 1-0: Swinging Strike 1-1: Called Strike 1-2: Ball 2-2: Strikes out swinging
|
Batting: RHB Isaac Ridings
|
0-0: Ball Passed Ball! Lou Goeble to third Lee Scott to second 1-0: Foul Ball, location: 2F 1-1: Foul Ball, location: 2F 1-2: Ball 2-2: Foul Ball, location: 2F 2-2: Foul Ball, location: 2F 2-2: Fly out, F8 (Flyball, 8LS)
|
Top of the 3rd over - 0 run(s), 2 hit(s), 0 error(s), 2 left on base; Notre Dame 5 - Kentucky 0 |
BOTTOM OF THE 3RD |
Kentucky Wildcats batting - Pitching for Notre Dame Fighting Irish : RHP Jorge Guillén
|
Batting: RHB Morris Wilson
|
0-0: Foul Ball, location: 2F 0-1: Called Strike 0-2: Strikes out swinging
|
Batting: RHB Julius Farmer
|
0-0: Swinging Strike 0-1: Ball 1-1: Called Strike 1-2: Ball 2-2: Strikes out swinging
|
Batting: LHB César Rodríguez
|
0-0: Ball 1-0: Called Strike 1-1: Called Strike 1-2: Ball 2-2: Ball 3-2: Foul Ball, location: 2F 3-2: Base on Balls
|
Batting: SHB Arnold Moore
|
0-0: Ball 1-0: Ball 2-0: Ground out 3-1 (Groundball, 34S)
|
Bottom of the 3rd over - 0 run(s), 0 hit(s), 0 error(s), 1 left on base; Notre Dame 5 - Kentucky 0 |
TOP OF THE 4TH |
Notre Dame Fighting Irish batting - Pitching for Kentucky Wildcats : RHP William Lockhard
|
Batting: RHB Mike Thompson
|
0-0: Foul Ball, location: 2F 0-1: Foul Ball, location: 2F 0-2: Ball 1-2: Foul Ball, location: 2F 1-2: Ball 2-2: Foul Ball, location: 2F 2-2: Ball 3-2: Strikes out swinging
|
Pitching: LHP Félix Martínez
|
|
Batting: SHB Carlos Ramírez
|
0-0: Ground out 1-3 (Groundball, 13)
|
Batting: SHB Ron Estes
|
0-0: Ground out U3 (Groundball, 3)
|
Top of the 4th over - 0 run(s), 0 hit(s), 0 error(s), 0 left on base; Notre Dame 5 - Kentucky 0 |
BOTTOM OF THE 4TH |
Kentucky Wildcats batting - Pitching for Notre Dame Fighting Irish : RHP Jorge Guillén
|
Batting: RHB Bob Zambrano
|
0-0: Foul Ball, location: 2F 0-1: Ball 1-1: Fly out, F8 (Flyball, 8LM)
|
Batting: RHB António Olivares
|
0-0: Swinging Strike 0-1: Ball 1-1: Ground out 6-3 (Groundball, 6)
|
Batting: RHB Joseph Leach
|
0-0: Called Strike 0-1: SINGLE (Groundball, 13S) (infield hit)
|
Batting: SHB Bryan Long
|
0-0: Called Strike 0-1: DOUBLE (Line Drive, 9LM) Joseph Leach to third Runner from 3rd tries for Home, SAFE, no throw or cutoff
|
Batting: SHB Russ Beasley
|
0-0: Foul Ball, location: 2F 0-1: Foul Ball, location: 2F 0-2: Ball 1-2: Ball 2-2: Foul Ball, location: 2F 2-2: Ball 3-2: Foul Ball, location: 2F 3-2: Foul Ball, location: 2F 3-2: Foul Ball, location: 2F 3-2: Foul Ball, location: 2F 3-2: Foul Ball, location: 2F 3-2: Foul Ball, location: 2F 3-2: Fly out, F7 (Line Drive, 78M)
|
Bottom of the 4th over - 1 run(s), 2 hit(s), 0 error(s), 1 left on base; Notre Dame 5 - Kentucky 1 |
TOP OF THE 5TH |
Notre Dame Fighting Irish batting - Pitching for Kentucky Wildcats : LHP Félix Martínez
|
Batting: SHB Ken Austin
|
0-0: Ball 1-0: Called Strike 1-1: Foul Ball, location: 2F 1-2: Ground out 4-3 (Groundball, 34)
|
Batting: RHB Carlos Gómez
|
0-0: Called Strike 0-1: Swinging Strike 0-2: Ball 1-2: Foul Ball, location: 2F 1-2: Foul Ball, location: 2F 1-2: Ball 2-2: Strikes out swinging
|
Batting: LHB Lou Goeble
|
0-0: Fly out, F7 (Flyball, 7LM)
|
Top of the 5th over - 0 run(s), 0 hit(s), 0 error(s), 0 left on base; Notre Dame 5 - Kentucky 1 |
BOTTOM OF THE 5TH |
Kentucky Wildcats batting - Pitching for Notre Dame Fighting Irish : RHP Jorge Guillén
|
Batting: RHB Morris Wilson
|
0-0: Ball 1-0: Ball 2-0: Ball 3-0: Base on Balls
|
Batting: RHB Julius Farmer
|
0-0: Called Strike 0-1: Swinging Strike 0-2: Ball 1-2: Ball 2-2: Strikes out swinging
|
Batting: LHB César Rodríguez
|
0-0: Called Strike 0-1: Grounds into double play, 4-6-3 (Groundball, 4)
|
Bottom of the 5th over - 0 run(s), 0 hit(s), 0 error(s), 0 left on base; Notre Dame 5 - Kentucky 1 |
TOP OF THE 6TH |
Notre Dame Fighting Irish batting - Pitching for Kentucky Wildcats : LHP Félix Martínez
|
Batting: RHB Lee Scott
|
0-0: Ball 1-0: Ball 2-0: Ball 3-0: Called Strike 3-1: Base on Balls
|
Batting: RHB Silas Small
|
0-0: Ground out 2-3 (Groundball, 23) Lee Scott to second
|
Batting: RHB Isaac Ridings
|
0-0: Intentional Walk
|
Batting: RHB Mike Thompson
|
0-0: Called Strike Lee Scott steals 3rd base Isaac Ridings to second 0-1: Foul Ball, location: 2F 0-2: Foul Ball, location: 2F 0-2: SINGLE (Groundball, 56D) Lee Scott scores Isaac Ridings to third Runner from 3rd tries for Home, SAFE, no throw or cutoff
|
Batting: SHB Carlos Ramírez
|
0-0: Ball 1-0: Swinging Strike 1-1: Foul Ball, location: 2F 1-2: Strikes out swinging
|
Batting: SHB Ron Estes
|
Balk! Mike Thompson to second 0-0: Called Strike 0-1: Ball 1-1: Swinging Strike 1-2: Ball 2-2: DOUBLE (Flyball, 89M) Mike Thompson scores
|
Batting: SHB Ken Austin
|
0-0: Ball 1-0: 2-RUN HOME RUN (Flyball, 78XD), Distance : 380 ft
|
Batting: RHB Carlos Gómez
|
0-0: Ball 1-0: Ground out 1-3 (Groundball, 15)
|
Top of the 6th over - 5 run(s), 3 hit(s), 0 error(s), 0 left on base; Notre Dame 10 - Kentucky 1 |
BOTTOM OF THE 6TH |
Kentucky Wildcats batting - Pitching for Notre Dame Fighting Irish : RHP Jorge Guillén
|
Batting: SHB Arnold Moore
|
0-0: Called Strike 0-1: Ball 1-1: Swinging Strike 1-2: Foul Ball, location: 2F 1-2: SINGLE (Groundball, 2R) (infield hit)
|
Pitching: RHP Steve Benton
|
|
Batting: RHB Bob Zambrano
|
0-0: Called Strike 0-1: Ball 1-1: Called Strike 1-2: Ball 2-2: Ball 3-2: Strikes out swinging
|
Batting: RHB António Olivares
|
0-0: Ball 1-0: Called Strike 1-1: Called Strike 1-2: Foul Ball, location: 2F 1-2: Fly out, F8 (Flyball, 89M)
|
Batting: RHB Joseph Leach
|
0-0: Ball 1-0: Ball 2-0: Swinging Strike 2-1: Ball 3-1: Base on Balls Arnold Moore to second
|
Batting: SHB Bryan Long
|
0-0: Ball 1-0: Ball 2-0: Called Strike 2-1: Foul Ball, location: 2F 2-2: Ball 3-2: Ground out U3 (Groundball, 3S)
|
Bottom of the 6th over - 0 run(s), 1 hit(s), 0 error(s), 2 left on base; Notre Dame 10 - Kentucky 1 |
TOP OF THE 7TH |
Notre Dame Fighting Irish batting - Pitching for Kentucky Wildcats : LHP Félix Martínez
|
Batting: LHB Lou Goeble
|
0-0: Foul Ball, location: 2F 0-1: Foul Ball, location: 2F 0-2: Ball 1-2: Strikes out swinging
|
Batting: RHB Lee Scott
|
0-0: Ball 1-0: Called Strike 1-1: Called Strike 1-2: Ball 2-2: Foul Ball, location: 2F 2-2: Ground out 4-3 (Groundball, 4)
|
Batting: RHB Silas Small
|
0-0: Ball 1-0: Ball 2-0: Ball 3-0: Base on Balls
|
Batting: RHB Isaac Ridings
|
0-0: Hit by Pitch Silas Small to second
|
Batting: RHB Mike Thompson
|
0-0: Ball 1-0: Fielders Choice at 2nd, 6-4 (Groundball, 56)
|
Top of the 7th over - 0 run(s), 0 hit(s), 0 error(s), 1 left on base; Notre Dame 10 - Kentucky 1 |
BOTTOM OF THE 7TH |
Kentucky Wildcats batting - Pitching for Notre Dame Fighting Irish : RHP Steve Benton
|
Batting: SHB Russ Beasley
|
0-0: Ball 1-0: Ball 2-0: Ball 3-0: Base on Balls
|
Batting: RHB Morris Wilson
|
0-0: Ball Russ Beasley steals 2nd base 1-0: Ball 2-0: Fly out, F9 (Line Drive, 9M)
|
Batting: RHB Julius Farmer
|
0-0: SINGLE (Line Drive, 6MD) Russ Beasley to third Runner from 3rd tries for Home, SAFE, throw made home Julius Farmer to second
|
Batting: LHB César Rodríguez
|
0-0: Ball 1-0: Ball 2-0: Called Strike 2-1: Foul Ball, location: 2F 2-2: Foul Ball, location: 2F 2-2: Ground out 1-3 (Groundball, 13) Julius Farmer to third
|
Batting: SHB Arnold Moore
|
0-0: Swinging Strike 0-1: Ball 1-1: Fly out, F6 (Popup, 6MD)
|
Bottom of the 7th over - 1 run(s), 1 hit(s), 0 error(s), 1 left on base; Notre Dame 10 - Kentucky 2 |
TOP OF THE 8TH |
Notre Dame Fighting Irish batting - Pitching for Kentucky Wildcats : LHP Félix Martínez
|
Pitching: RHP Bryant Hatcher
|
|
Batting: SHB Carlos Ramírez
|
0-0: Ball 1-0: Ball 2-0: Called Strike 2-1: Foul Ball, location: 2F 2-2: Foul Ball, location: 2F 2-2: Ball 3-2: Base on Balls
|
Pitching: RHP Bryce Gray
|
|
Batting: SHB Ron Estes
|
0-0: Swinging Strike 0-1: Foul Ball, location: 2F 0-2: Ball 1-2: Foul Ball, location: 2F 1-2: Foul Ball, location: 2F 1-2: Ball 2-2: Ball 3-2: Fly out, F8 (Flyball, 8LXD)
|
Pitching: RHP Jeremy Garner
|
|
Batting: SHB Ken Austin
|
0-0: Called Strike 0-1: Swinging Strike 0-2: Ball 1-2: Strikes out swinging
|
Batting: RHB Carlos Gómez
|
0-0: Foul Ball, location: 2F 0-1: Ball 1-1: Ball 2-1: Foul Ball, location: 2F 2-2: Ball 3-2: Strikes out swinging
|
Top of the 8th over - 0 run(s), 0 hit(s), 0 error(s), 1 left on base; Notre Dame 10 - Kentucky 2 |
BOTTOM OF THE 8TH |
Kentucky Wildcats batting - Pitching for Notre Dame Fighting Irish : RHP Steve Benton
|
Pitching: LHP Roy Burke
|
|
Batting: RHB Bob Zambrano
|
0-0: Fly out, F7 (Flyball, 7M)
|
Batting: RHB António Olivares
|
0-0: Fly out, F8 (Flyball, 8RS)
|
Batting: RHB Joseph Leach
|
0-0: Called Strike 0-1: Ball 1-1: Ball 2-1: Foul Ball, location: 2F 2-2: Foul Ball, location: 2F 2-2: Fly out, F9 (Line Drive, 89M)
|
Bottom of the 8th over - 0 run(s), 0 hit(s), 0 error(s), 0 left on base; Notre Dame 10 - Kentucky 2 |
TOP OF THE 9TH |
Notre Dame Fighting Irish batting - Pitching for Kentucky Wildcats : RHP Jeremy Garner
|
Batting: LHB Lou Goeble
|
0-0: Called Strike 0-1: Ball 1-1: Fly out, F6 (Popup, 6MD)
|
Pitching: RHP Don McIntyre
|
|
Batting: RHB Lee Scott
|
0-0: Ball 1-0: Ball 2-0: Ball 3-0: Base on Balls
|
Batting: RHB Silas Small
|
0-0: Foul Ball, location: 2F 0-1: Ball 1-1: Called Strike 1-2: SINGLE (Groundball, 6) Lee Scott to second Lee Scott to third
|
Batting: RHB Isaac Ridings
|
0-0: Ball 1-0: Ball 2-0: Ball 3-0: Base on Balls Silas Small to second
|
Batting: RHB Mike Thompson
|
0-0: SINGLE (Line Drive, 6M) Lee Scott scores Silas Small to third Isaac Ridings to second
|
Batting: SHB Carlos Ramírez
|
0-0: Swinging Strike 0-1: Fly out, F8 (Flyball, 8RM) Runner from 3rd tags up, SCORES, throw made
|
Batting: SHB Ron Estes
|
0-0: Ball 1-0: Ball Wild Pitch! Isaac Ridings to third Mike Thompson to second 2-0: Called Strike 2-1: Foul Ball, location: 2F 2-2: Reached on error, E6 (Groundball, 6) Isaac Ridings scores Mike Thompson to third
|
Pitching: RHP Roberto Juárez
|
|
Batting: SHB Ken Austin
|
0-0: Ball 1-0: Ball 2-0: Ball 3-0: Base on Balls Ron Estes to second
|
Batting: RHB Carlos Gómez
|
0-0: Fly out, F4 (Popup, 9LS)
|
Top of the 9th over - 3 run(s), 2 hit(s), 1 error(s), 3 left on base; Notre Dame 13 - Kentucky 2 |
BOTTOM OF THE 9TH |
Kentucky Wildcats batting - Pitching for Notre Dame Fighting Irish : LHP Roy Burke
|
Batting: SHB Bryan Long
|
0-0: Foul Ball, location: 2F 0-1: Ball 1-1: Swinging Strike 1-2: Strikes out looking
|
Batting: SHB Russ Beasley
|
0-0: Ball 1-0: Called Strike 1-1: Called Strike 1-2: Strikes out swinging
|
Batting: RHB Morris Wilson
|
0-0: Called Strike 0-1: Ball 1-1: Ball 2-1: Foul Ball, location: 2F 2-2: Foul Ball, location: 2F 2-2: Ball 3-2: Base on Balls
|
Batting: RHB Julius Farmer
|
0-0: Called Strike 0-1: Ball 1-1: Called Strike 1-2: Strikes out swinging
|
Bottom of the 9th over - 0 run(s), 0 hit(s), 0 error(s), 1 left on base; Notre Dame 13 - Kentucky 2 |
|